AoeStats
← [WaW] Vinncce

Socotra

505009298Analyzed
2v2 RM · 24d ago on Sep 7, 2026· 27m 14s· 4 players
Game mode
Random Map
Map size
Tiny (2 player)
Population
200
Speed
Normal
Resources
Standard
Victory
Conquest
Starting age
Dark Age
Ending age
Imperial Age
RankedLock teamsTeams togetherTeam positionsShared explorationLock speedFull tech treeHidden civsTurbo modeCheats
Victory
Defeat
🇦🇷 Jurchens · Argentina
1005
+17
🇺🇸 Magyars · United States
986
+19
🇭🇰 Teutons · Hong Kong SAR China
1037
-18
🇭🇰 Poles · Hong Kong SAR China
1036
-18
[WaW] Vinncce
10:30 Feudal Age
11:17 Double-Bit Axe
15:36 Loom
17:16 Horse Collar
18:23 Bloodlines
18:31 Scale Barding Armor
19:11 Scale Mail Armor
25:42 Castle Age
26:38 Husbandry
2722027078
7:08 Loom
10:25 Feudal Age
16:06 Double-Bit Axe
16:30 Horse Collar
24:20 Castle Age
22:47 Scale Barding Armor
22:58 Bloodlines
23:02 Forging
22:45 Gold Mining
24:22 Scale Mail Armor
26:56 Bow Saw
27:24 Iron Casting
BlueSky
10:31 Feudal Age
10:43 Loom
11:00 Double-Bit Axe
10:55 Horse Collar
20:48 Castle Age
21:11 Forging
21:35 Heavy Plow
21:48 Bow Saw
23:14 Gold Mining
23:59 Scale Mail Armor
excel.exe
8:42 Loom
11:14 Feudal Age
16:48 Double-Bit Axe
25:21 Stone Mining
Connection lost

Rejoining the realm…

Still unreachable

The connection could not be restored.

Session expired

The server has moved on; the page needs a fresh start.